 Dungeon Crawl Stone Soup version 0.28-a0-580-ga2639ab843 (webtiles) character file.

Game seed: 9236249964054030685

336 freelancePsychic the Cutter (level 6, -6/32 HPs)
             Began as a Vine Stalker Gladiator on Oct 3, 2021.
             Killed from afar by an orc wizard (7 damage)
             ... with a magic dart
             ... on level 4 of the Dungeon.
             The game lasted 00:07:08 (3381 turns).

freelancePsychic the Cutter (VSGl)                  Turns: 3381, Time: 00:07:09

Health: -6/32      AC:  7    Str: 19    XL:     6   Next: 54%
Magic:  0/7        EV: 14    Int:  8    God:
Gold:   100        SH:  0    Dex: 15    Spells: 5/5 levels left

rFire   . . .      SeeInvis .   u - +1 dagger (venom)
rCold   . . .      Faith    .   (no shield)
rNeg    + . .      Spirit   +   p - +0 scale mail
rPois   .          Reflect  .   c - +0 helmet
rElec   .          Harm     .   (no cloak)
rCorr   .          Rampage  .   (no gloves)
Will    .....                   (no boots)
Stlth   +.........              (no amulet)
HPRegen 1.10/turn               o - ring of positive energy
MPRegen 0.10/turn               m - +4 ring of evasion

@: no status effects
A: fangs 2, regeneration 1, magic shield, antimagic bite, no potion heal 2
a: no special abilities


You were on level 4 of the Dungeon.
You visited 1 branch of the dungeon, and saw 4 of its levels.

You collected 220 gold pieces.
You spent 120 gold pieces at shops.

Inventory:

Hand Weapons
 t - a +5 dagger
 u - a +1 dagger of venom (weapon)
Missiles
 d - 2 throwing nets (quivered)
 l - 6 javelins
Armour
 b - a +0 leather armour
 c - a +0 helmet (worn)
 i - a +0 tower shield
 p - a +0 scale mail (worn)
Jewellery
 j - a ring of positive energy
 m - a +4 ring of evasion (right hand)
 o - a ring of positive energy (left hand)
Scrolls
 a - a scroll of blinking
 k - a scroll of magic mapping
 n - a scroll of fear
 q - a scroll of silence
 r - a scroll of enchant weapon
 s - 3 scrolls of identify {@r1}
Potions
 e - a potion of brilliance {unknown}
 f - a potion of invisibility {unknown}
 h - a potion of curing {@q1}


   Skills:
 - Level 2.4 Fighting
 * Level 5.5 Short Blades
 - Level 1.7 Throwing
 - Level 2.4 Dodging
 - Level 2.8 Stealth
 + Level 1.5 Shields


You had 5 spell levels left.
You didn't know any spells.
Your spell library contained the following spells:

 Spells                   Type           Power      Damage    Failure   Level
 Ensorcelled Hibernation  Hex/Ice        0%         N/A       91%         2
 Static Discharge         Conj/Air       0%         N/A       91%         2
 Frozen Ramparts          Ice            0%         1d2       99%         3
 Ignite Poison            Fire/Tmut/Pois 0%         N/A       99%         3
 Mephitic Cloud           Conj/Pois/Air  0%         N/A       99%         3
 Spider Form              Tmut/Pois      0%         N/A       99%         3
 Dispel Undead            Necr           0%         3d6       100%        4
 Ice Form                 Ice/Tmut       0%         N/A       100%        4
 Sticky Flame             Conj/Fire      0%         2d3       100%        4
 Summon Ice Beast         Ice/Summ       0%         N/A       100%        4
 Blade Hands              Tmut           0%         N/A       100%        5
 Freezing Cloud           Conj/Ice/Air   0%         6-21      100%        5
 Irradiate                Conj/Tmut      0%         3d13      100%        5
 Dragon Form              Tmut           0%         N/A       100%        7


Dungeon Overview and Level Annotations

Branches:
Dungeon (4/15)
 Temple: D:4-7

Altars:
Kikubaaqudgha

Shops:
D:3 *

Annotations:
D:4 Natasha


Innate Abilities, Weirdness & Mutations

You have extremely sharp teeth.
Your natural rate of healing is unusually fast.
When hurt, damage is shared between your health and your magic reserves.
Your bite disrupts and absorbs the magic of your enemies.
Potions cannot restore your health.


Message History

The orc wizard hits you but does no damage.
Natasha casts a spell.
You barely miss the orc priest. Your bite misses the orc priest.
The orc priest closely misses you. The orc wizard barely misses you.
You hit the orc priest.
The orc priest is poisoned.
The orc priest is moderately wounded.
The crimson imp blinks!
The orc priest closely misses you. The orc wizard barely misses you.
You hit the orc priest but do no damage.
The orc priest is moderately wounded.
You barely miss the orc priest.
The orc priest is moderately wounded.
The orc priest invokes the aid of Beogh against you.
Beogh smites you!
* * * LOW HITPOINT WARNING * * *
The orc wizard hits you with a +0 dagger.
* * * LOW HITPOINT WARNING * * *
You closely miss the orc priest.
The orc priest is moderately wounded.
The orc priest hits you but does no damage.
The orc wizard hits you with a +0 dagger.
* * * LOW HITPOINT WARNING * * *
You hit the orc priest but do no damage.
The orc priest looks as sick as possible!
The orc priest is moderately wounded.
Sorry, you're not good enough to have a special ability.
You hit the orc priest but do no damage.
The orc priest looks as sick as possible!
The orc priest is heavily wounded.
The orc priest hits you but does no damage.
The orc wizard closely misses you.
You hit the orc priest but do no damage.
The orc priest looks as sick as possible!
You bite the orc priest, but do no damage.
The orc priest is severely wounded.
The orc priest hits you with a +0 falchion.
* * * LOW HITPOINT WARNING * * *
The orc wizard points at you and mumbles some strange words.
The magic dart hits you!
You die...

### ?!.. .... #####
+#..###...##############
_'.hoSo@..'.............
+#..o##o..##############
.....#. #...# .... #.
#...# ..# .o.....# .
.o###### #o.


.oo You could see an orc priest (extremely poisoned), an orc wizard (very
poisoned), Natasha, 2 orcs and a ball python.

Vanquished Creatures
  An ogre (D:4)
  A bullfrog skeleton (D:4)
  Natasha (D:4)
  3 gnolls
  9 adders
  2 dart slugs
  6 orcs
  6 bats
  6 endoplasms
  2 giant cockroaches
  16 goblins
  5 hobgoblins
  8 kobolds
  A quokka (D:1)
  7 ball pythons
  A frilled lizard (D:1)
  7 rats
82 creatures vanquished.

Notes
Turn   | Place    | Note
-------+----------+-------------------------------------------
     0 | D:1      | freelancePsychic the Vine Stalker Gladiator began the quest
                  | for the Orb.
     0 | D:1      | Reached XP level 1. HP: 11/11 MP: 2/2
   147 | D:1      | Reached skill level 3 in Short Blades
   156 | D:1      | Reached XP level 2. HP: 15/15 MP: 3/3
   548 | D:1      | Reached XP level 3. HP: 17/18 MP: 4/4
  1328 | D:2      | Reached skill level 1 in Stealth
  1501 | D:2      | Gained mutation: Your natural rate of healing is unusually
                  | fast. [Vine Stalker growth]
  1501 | D:2      | Reached XP level 4. HP: 20/23 MP: 5/5
  1789 | D:2      | Found a faded altar of an unknown god.
  1849 | D:2      | Reached skill level 4 in Short Blades
  2395 | D:3      | Noticed Natasha
  2453 | D:2      | Reached XP level 5. HP: 22/27 MP: 6/6
  2695 | D:3      | Found Nymulos's Assorted Antiques.
  2703 | D:3      | Bought a scroll of identify for 48 gold pieces
  2703 | D:3      | Bought a scroll labelled CUSTRO ITUSIEL for 24 gold pieces
  2703 | D:3      | Bought a scroll labelled TAORGHU VISTRIZAO for 24 gold
                  | pieces
  2703 | D:3      | Bought a scroll labelled TAORGHU VISTRIZAO for 24 gold
                  | pieces
  3066 | D:4      | Reached skill level 5 in Short Blades
  3083 | D:4      | Reached XP level 6. HP: 32/32 MP: 5/7
  3168 | D:4      | Killed Natasha
  3169 | D:4      | Reached skill level 1 in Shields
  3367 | D:4      | Noticed Natasha
  3372 | D:4      | Found an ancient bone altar of Kikubaaqudgha.
  3381 | D:4      | HP: 1/32 [orc priest (4)]
  3381 | D:4      | Killed from afar by an orc wizard

Illustrated notes

Levels and vault maps discovered:
D:1:      dpeg_arrival_water_temple_mockup, layout_basic, minmay_fountain_box,
          minmay_misc_feat_cross, serial_bayou_ford_a
D:2:      layout_loops_corners, chequers_ecumenical_altar_lobes
D:3:      layout_basic, serial_shops, nicolae_shop_overgrown_old_shop,
          uniq_natasha
D:4:      kennysheep_the_goblin_king, layout_basic, kennysheep_mini_moat,
          minmay_temple_entry_drinking_statues

Skill      XL: |  1  2  3  4  5  6 |
---------------+-------------------+-----
Fighting       | 2 |  2.4
Short Blades   | 3 4 5 |  5.5
Stealth        | 1 2 |  2.8
Shields        | 1 |  1.5
Throwing       | |  1.7
Dodging        | |  2.4

Action                   |  1- 3 |  4- 6 || total
-------------------------+-------+-------++-------
Melee: Rapier            |    99 |    33 ||   132
       Bite              |    18 |    52 ||    70
       Dagger            |       |   131 ||   131
Throw: Throwing net      |       |     1 ||     1
  Use: Scroll            |       |     7 ||     7
       Potion            |       |     1 ||     1
 Stab: Sleeping          |     1 |     1 ||     2
       Held in net/web   |       |     1 ||     1
Armor: Leather armour    |    29 |    17 ||    46
       Scale mail        |       |    11 ||    11
Dodge: Dodged            |    67 |    97 ||   164

Table legend: (Time is in decaauts)
 A = Elapsed time spent in this place.
 B = Non-inter-level travel time spent in this place.
 C = Inter-level travel time spent in this place.
 D = Time resting spent in this place.
 E = Time spent auto-exploring this place.
 F = Levels seen in this place.
 G = Mean time per level.
                   A        B        C        D        E       F      G
               +--------+--------+--------+--------+--------+-----+--------+
         Total |   3360 |   3247 |    113 |      7 |   2618 |   4 |  840.0 |
       Dungeon |   3360 |   3247 |    113 |      7 |   2618 |   4 |  840.0 |
               +--------+--------+--------+--------+--------+-----+--------+

Top non-repeatable levels by time:
     D:1: 1270 daAuts
     D:2: 1047 daAuts
     D:3: 576 daAuts
     D:4: 466 daAuts
